 Dungeon Crawl Stone Soup version 0.18-b1-22-ge198996 (webtiles) character file.

30 Heskey the Ducker (level 3, 0/16 HPs)
             Began as a Spriggan Earth Elementalist on May 3, 2016.
             Succumbed to an adder's poison
             ... on level 2 of the Dungeon.
             The game lasted 00:03:46 (1506 turns).

Heskey the Ducker (Spriggan Earth Elementalist)     Turns: 1506, Time: 00:03:46

Health: 0/16       AC:  2    Str:  4    XL:     3   Next: 3%
Magic:  8/8        EV: 19    Int: 17    God:
Gold:   85         SH:  0    Dex: 16    Spells: 1 memorised, 6 levels left

rFire  . . .     SeeInvis +     e - +0 dagger
rCold  . . .     Gourm    .     a - +0 robe
rNeg   . . .     Faith    .     (shield restricted)
rPois  .         Spirit   .     (helmet restricted)
rElec  .         Dismiss  .     (no cloak)
rCorr  .         Reflect  .     (gloves unavailable)
SustAt .         Harm     .     (boots unavailable)
MR     .....                    (no amulet)
Stlth  +++.......               (no ring)
                                (no ring)

@: lethally poisoned (0 -> -14), about to teleport, very quick, not resistant to
hostile enchantments, fairly stealthy
A: unfitting armour, see invisible, herbivore 3, speed 3, slow metabolism 2
a: no special abilities


You were on level 2 of the Dungeon.
You were not hungry.

You visited 1 branch of the dungeon, and saw 2 of its levels.

You collected 85 gold pieces.

Inventory:

Hand Weapons
 e - a +0 dagger (weapon)
Missiles
 b - 50 stones (quivered)
Armour
 a - a +0 robe (worn)
Jewellery
 g - an uncursed amulet of rage {unknown}
 h - an uncursed amulet of dismissal {unknown}
Books
 c - a book of Geomancy

   Spells                             Type                      Level
   a - Sandblast                      Earth                        1
   b - Passwall                       Transmutation/Earth          2
   c - Stone Arrow                    Conjuration/Earth            3
   d - Petrify                        Transmutation/Earth          4
   e - Lee's Rapid Deconstruction     Earth                        5
Comestibles
 d - a bread ration


   Skills:
 + Level 0.2 Short Blades
 + Level 4.0 Dodging
 + Level 3.2 Stealth
 + Level 2.8 Spellcasting
   Level 1.3 Transmutations
 + Level 3.1 Earth Magic


You had 6 spell levels left.
You knew the following spells:

 Your Spells              Type           Power        Failure   Level  Hunger
a - Sandblast             Erth           ##....       6%          1    #......


Dungeon Overview and Level Annotations

Branches:
Dungeon (2/15)

Altars:
The Shining One


Innate Abilities, Weirdness & Mutations

You are tiny and cannot use many weapons and most armour.
You have supernaturally acute eyesight.
You are a herbivore.
You cover ground extremely quickly.
You need consume almost no food.


Message History

The adder bites you.
You are lethally poisoned!
The adder poisons you!
You aren't carrying any potions.
Read which item? (? for menu, Esc to quit)
As you read the scroll labeled VODIOZ APHED, it crumbles to dust.
You feel strangely unstable.
It was a scroll of teleportation.
You feel sick. The adder bites you. x2
* * * LOW HITPOINT WARNING * * *
You are more poisoned.
The adder poisons you!
* * * LOW HITPOINT WARNING * * *
You feel sick.
You aren't carrying any potions.
Unknown command.
Read which item? (? for menu, Esc to quit)
Okay, then.
Eat which item? (? for menu, Esc to quit)
Okay, then.
You die...

#######.# #.# #.#
#.# . #.# #.# .# #.#
#.# .. #.# #.# #.
#.# #.# ####..####.#
#.#
......S)@..#######.#
####..##.....[...>.#
#. #.########### #
#.# #.# #.# #.# #.#
#.#


You could see an adder.

Vanquished Creatures
  A dart slug (D:1)
  A giant gecko (D:1)
  2 giant cockroaches (D:1)
  3 goblins (D:1)
  2 hobgoblins
  5 kobolds (D:1)
  6 bats (D:1)
  A giant newt (D:1)
  4 rats (D:1)
25 creatures vanquished.

Notes
Turn   | Place    | Note
--------------------------------------------------------------
     0 | D:1      | Heskey the Spriggan Earth Elementalist began the quest for the Orb.
     0 | D:1      | Reached XP level 1. HP: 9/9 MP: 5/5
   380 | D:1      | Reached XP level 2. HP: 13/13 MP: 6/6
   657 | D:1      | Found a glowing golden altar of the Shining One.
  1240 | D:1      | Reached skill level 4 in Dodging
  1402 | D:1      | Reached XP level 3. HP: 16/16 MP: 1/8
  1506 | D:2      | Succumbed to an adder's poison

Skill      XL: |  1  2 |
---------------+-------+-----
Earth Magic    | 3 |  3.1
Dodging        | 4 |  4.0
Short Blades   | |  0.2
Stealth        | |  3.2
Spellcasting   | |  2.8
Transmutations | |  1.3

Action                   || total
-------------------------++-------
Melee: Unarmed           ||    61
       Dagger            ||    64
 Cast: Sandblast         ||    14
  Use: Scroll            ||     2
       Potion            ||     1
 Stab: Sleeping          ||     6
Armor: Robe              ||    32
Dodge: Dodged            ||   144
